TKirby, neutral male human Wizard ##### -- #--------- .. #.........# ##|.......|### |.......|@## ........|i |.......|# |.......+###### ---------# # ### ------------- # |...........| ###|...........| #...)..<.....| |......|....| |...........| ------------- TKirby the Conjurer Experience level: 3 Strength: 11 Dexterity: 14 Constitution: 16 Intelligence: 17 Wisdom: 14 Charisma: 9 Health: 0(20) Energy: 35(35) Def: 1 Gold: 355 Moves: 2146 Dungeon seed: kTkQYIFnfYlyoZn9 Game ID: TKirby_1505926416 Your Inventory: Coins $ - 355 gold pieces Weapons a - a blessed +1 quarterstaff (weapon in hands) r - a cursed -2 dagger B - 16 +0 darts (in quiver) Armor e - an uncursed +0 cloak of magic resistance (being worn) Comestibles E - an uncursed food ration Scrolls i - an uncursed scroll of food detection j - an uncursed scroll of enchant weapon v - a blessed scroll of teleportation H - an uncursed scroll of magic mapping Spellbooks l - a blessed spellbook of force bolt m - an uncursed spellbook of cause fear s - an uncursed spellbook of remove curse I - an uncursed spellbook of detect unseen Potions f - an uncursed potion of sleeping g - a blessed potion of sleeping h - an uncursed potion of water C - an uncursed potion of levitation F - an uncursed potion of speed Rings c - an uncursed +3 ring of gain constitution (on left hand) d - an uncursed ring of polymorph control o - an uncursed ring of regeneration p - an uncursed ring of searching q - an uncursed ring of regeneration w - an uncursed ring of invisibility x - an uncursed ring of cold resistance z - an uncursed ring of sustain ability Wands b - a wand of opening (0:7) t - a wand of digging (0:8) A - a blessed wand of make invisible (0:6) Gems n - an uncursed worthless piece of violet glass y - an uncursed jet stone N - an uncursed topaz stone Spells and supernatural/magical abilities: Name Level Category Fail Memory a - force bolt 1 attack 0% 90% c - cause fear 3 enchantment 0% 90% r - remove curse 3 clerical 93% 90% U - detect unseen 3 divination 93% 97% W - pray for help -- divine ? -- Your skills at the end: Fighting Skills Weapon Skills quarterstaff [Basic] Spellcasting Skills attack spells [Basic] enchantment spells [Basic] Final Attributes: You were devoutly aligned. You were magic-protected. You are dead. Vanquished creatures: 2 floating eyes a homunculus a kobold lord an acid blob a hobbit a giant rat a yellow mold a green mold a gecko 4 jackals 2 foxes a kobold 3 goblins 3 grid bugs 4 lichens a kobold zombie 7 newts 35 creatures vanquished. Voluntary challenges: You used a wielded weapon 24 times, starting on turn 84. You read items or engraved 19 times, starting on turn 116. You never genocided any monsters. You never polymorphed an object. You never changed form. You used no wishes. You never split a pudding. You never wrote Elbereth's name. You never violated your personal moral code. Dungeon overview: The Dungeons of Doom: levels 1 to 5 Level 1 a long staircase Level 2 Level 3 a long staircase Level 4 Level 5 <- You were here History has recorded: On T:1 you entered the Dungeons of Doom to retrieve the Amulet of Yendor! On T:430 you reached level 2 of The Dungeons of Doom. On T:821 you advanced to experience level 2. On T:964 you reached level 3 of The Dungeons of Doom. On T:1180 you advanced to experience level 3. On T:1514 you reached level 4 of The Dungeons of Doom. On T:1892 you reached level 5 of The Dungeons of Doom. Score breakdown: Gold: 355 ( 8679 points) Experience: 3 levels ( 7878 points) Exploration: 5 levels ( 11.11%) ( 9045 points) Discoveries: 4 items ( 1.39%) ( 3535 points) Valuables value: (no points given unless you survive) Artifact value: 0 ( 0 points) Variety of kills: 17 monsters ( 4.46%) ( 6336 points) Turncount: 2146 turns ( -105 points) Survival: died (score multiplied by 80%) Total score: 28294 Latest messages: The dart misses the floating eye. The dart hits the floating eye. The dart misses the floating eye. The dart misses the floating eye. The dart misses the floating eye. The dart misses the floating eye. The dart hits the floating eye. The dart misses the floating eye. You kill the floating eye! B - 11 darts (in quiver). B - a dart (in quiver). Maple doesn't seem to move! The homunculus bites! (3x) You die... Final status: Goodbye TKirby the Wizard, killed by a homunculus... You died in The Dungeons of Doom on dungeon level 5 with 28294 points, and 355 pieces of gold, after 2146 moves. You were level 3 with a maximum of 20 hit points when you died.